 Dungeon Crawl Stone Soup version 0.31.0-12-g77e489cdc1 (webtiles) character file.

Game seed: 13660695729575792553

66 Arctor the Firebug (level 3, -2/19 HPs)
             Began as a Deep Elf Fire Elementalist on Feb 14, 2024.
             Slain by Natasha (6 damage)
             ... on level 2 of the Dungeon.
             The game lasted 00:03:53 (2506 turns).

Arctor the Firebug (Deep Elf Fire Elementalist)     Turns: 2506, Time: 00:03:53

Health: -2/19      AC:  2    Str:  5    XL:     3   Next: 96%
Magic:  5/10       EV: 13    Int: 21    God:
Gold:   68         SH:  0    Dex: 15    Spells: 6/9 levels left

rFire   . . .        (no weapon)
rCold   . . .        (no shield)
rNeg    . . .        a - +0 robe
rPois   .            (no helmet)
rElec   .            (no cloak)
rCorr   .            (no gloves)
SInv    .            (no boots)
Will    .....        (no amulet)
Stlth   ++           (no ring)
HPRegen 0.23/turn    (no ring)
MPRegen 0.12/turn

%: no passive effects
@: slowed, very slow
A: no striking features
a: no special abilities


You were on level 2 of the Dungeon.
You visited 1 branch of the dungeon, and saw 2 of its levels.

You collected 68 gold pieces.

Inventory:

Armour
 a - a +0 robe (worn)
Scrolls
 c - 2 scrolls of blinking {unknown}
 d - a scroll of teleportation {unknown}
 f - a scroll of brand weapon {unknown}
 g - a scroll of immolation {unknown}
 h - a scroll of amnesia {unknown}
 j - a scroll of fog {unknown}
 k - a scroll of vulnerability {unknown}
Potions
 b - a potion of magic
 e - a potion of enlightenment {unknown}
 i - a potion of cancellation {unknown}


   Skills:
 + Level 3.2 Dodging
 + Level 3.3 Stealth
 + Level 3.6 Spellcasting
 + Level 2.1 Conjurations
 + Level 3.7 Fire Magic


You had 6 spell levels left.
You knew the following spells:

 Your Spells              Type           Power      Damage    Failure   Level
a - Foxfire               Conj/Fire      64%        2x1d7     3%          1
b - Scorch                Fire           38%        2d6       4%          2

Your spell library contained the following spells:

 Spells                   Type           Power      Damage    Failure   Level
 Inner Flame              Hex/Fire       11%        N/A       17%         3
 Volatile Blastmotes      Fire/Tloc      22%        2d11      17%         3
 Flame Wave               Conj/Fire      16%        2d7       36%         4


Dungeon Overview and Level Annotations

Branches:
Dungeon (2/15)

Altars:

Shops:
D:2 !([[

Annotations:
D:2 Natasha


Message History

Found a short sword.
You conjure some foxfire!
Your foxfire dissipates!
Your foxfire dissipates!
There is a stone staircase leading up here.
Found a stone staircase leading down.
You conjure some foxfire!
Your foxfire dissipates! x2
Natasha, Servant of Life and Death comes into view.
You conjure some foxfire!
Natasha is nearby!
The foxfire hits Natasha.
Natasha is moderately wounded.
Natasha is nearby!
You conjure some foxfire!
The foxfire hits Natasha.
Natasha is moderately wounded.
You conjure some foxfire!
The foxfire hits Natasha.
Natasha is heavily wounded.
Natasha claws you.
Natasha is nearby!
Natasha claws you.
You conjure some foxfire!
Natasha claws you but does no damage.
Natasha is nearby!
The foxfire hits Natasha.
Natasha is severely wounded.
Natasha casts a spell at you.
You feel yourself slow down.
You conjure some foxfire!
Natasha closely misses you.
Natasha is nearby!
The foxfire hits Natasha.
Natasha is almost dead.
Natasha claws you. Natasha barely misses you.
You conjure some foxfire!
Natasha claws you!
* * * LOW HITPOINT WARNING * * *
Natasha is nearby!
The foxfire hits Natasha but does no damage.
Natasha is almost dead.
Natasha claws you.
You die...
Natasha curls up and begins to purr.

. #......# # ........# #......# #
........###......# #
.................#.#####
........................
.....)...##.<.....<....#
........# ##.#####)....# ####
#.....h.# ##.# #...... ..#####..#
#@###..# #.÷.... ###.......#
#v§...## #...... ..........#
####..# #.....† ..........######
#..### ###...#
.......##....>.####....# ##..##
.......#..#§§.....##...#####...#
.#........#.......#...........##
....###.......................###
.##.# #.##........#..............


You could see Natasha (ally target).

Vanquished Creatures
  An adder (D:2)
  3 dart slugs (D:1)
  3 ball pythons
  4 endoplasms
  A giant cockroach (D:2)
  5 goblins
  5 hobgoblins
  3 jackals (D:2)
  4 kobolds
  3 quokkas (D:2)
  4 bats
  5 frilled lizards
  6 rats
47 creatures vanquished.

Vanquished Creatures (others)
  313 foxfires
313 creatures vanquished.

Grand Total: 360 creatures vanquished

Notes
Turn   | Place    | Note
-------+----------+-------------------------------------------
     0 | D:1      | Arctor the Deep Elf Fire Elementalist began the quest for
                  | the Orb.
     0 | D:1      | Reached XP level 1. HP: 10/10 MP: 6/6
   211 | D:1      | Reached XP level 2. HP: 15/15 MP: 4/8
  1270 | D:2      | Reached XP level 3. HP: 16/19 MP: 5/9
  1340 | D:2      | Found Pioreawnio's Distillery.
  1341 | D:2      | Found Puvoyq's Weapon Emporium.
  1634 | D:2      | Learned a level 2 spell: Scorch
  1964 | D:2      | Found Mump's Antique Armour Boutique.
  2121 | D:2      | Found Daevasi's Antique Armour Shop.
  2494 | D:2      | Noticed Natasha
  2506 | D:2      | Slain by Natasha

Illustrated notes

Levels and vault maps discovered:
D:1:      dpeg_arrival_tiny_a, layout_basic, nicolae_figureground_pulse
D:2:      layout_rooms, basic_ecumenical_altar, serial_shops, shop,
          nicolae_shop_advertising_works [nicolae_subvault_shop_adworks], shop,
          nicolae_shop_bloodbath_and_beyond, nicolae_shop_rolled_up,
          uniq_jessica, uniq_natasha

Skill      XL: |  1  2  3 |
---------------+----------+-----
Stealth        | 3 |  3.3
Dodging        | 3 |  3.2
Conjurations   | 2 |  2.1
Spellcasting   | |  3.6
Fire Magic     | |  3.7

Action                     || total
---------------------------++-------
   Cast: Foxfire           ||   185
 Armour: Robe              ||    10
  Dodge: Dodged            ||     9
